AoeStats
← Squirrel Slayer

Arabia

509772313Analyzed
2v2 RM · 5d ago on Sep 28, 2026· 46m 14s· 4 players
Game mode
Random Map
Map size
Medium (4 player)
Population
200
Speed
Normal
Resources
Standard
Victory
Conquest
Starting age
Dark Age
Ending age
Imperial Age
RankedLock teamsTeams togetherTeam positionsShared explorationLock speedFull tech treeHidden civsTurbo modeCheats
Victory
Defeat
🇨🇴 Saxons · Colombia
940
+13
🇨🇴 Magyars · Colombia
939
+14
🇨🇴 Burgundians · Colombia
899
-14
🇦🇷 Vietnamese · Argentina
873
-13
Bin Salmán
6:50 Loom
9:39 Feudal Age
10:50 Double-Bit Axe
23:12 Castle Age
22:32 Wheelbarrow
23:16 Bloodlines
22:59 Fletching
23:11 Padded Archer Armor
23:48 Gold Mining
24:15 Bow Saw
23:49 Elite Skirmisher
24:36 Horse Collar
25:12 Bodkin Arrow
26:13 Leather Archer Armor
27:59 Thumb Ring
29:20 Stone Mining
30:23 Stone Shaft Mining
30:05 Husbandry
32:13 Hand Cart
36:42 Ballistics
39:03 Scale Barding Armor
39:11 Forging
40:05 Chain Barding Armor
41:33 Iron Casting
44:56 Imperial Age
parradodj
13:41 Feudal Age
12:01 Double-Bit Axe
12:08 Horse Collar
12:59 Gold Mining
13:00 Stone Mining
26:03 Padded Archer Armor
28:45 Fletching
29:06 Forging
31:00 Heavy Plow
32:28 Bow Saw
36:37 Gold Shaft Mining
36:37 Stone Shaft Mining
Squirrel Slayer
10:40 Feudal Age
11:31 Double-Bit Axe
13:16 Horse Collar
23:04 Castle Age
21:48 Gold Mining
26:03 Gold Shaft Mining
25:43 Bloodlines
25:40 Husbandry
26:46 Scale Barding Armor
35:25 Stone Mining
36:01 Chain Barding Armor
36:04 Corvinian Army
40:18 Imperial Age
37:56 Heavy Plow
44:24 Chemistry
Don Rafa
8:29 Loom
11:12 Feudal Age
14:54 Padded Archer Armor
14:44 Fletching
17:08 Wheelbarrow
17:08 Scale Mail Armor
19:33 Town Watch
21:09 Horse Collar
22:34 Scale Barding Armor
26:45 Castle Age
25:01 Gold Mining
25:58 Forging
27:56 Hand Cart
27:03 Crossbowman
27:57 Bodkin Arrow
28:06 Double-Bit Axe
28:45 Leather Archer Armor
32:40 Ballistics
34:19 Thumb Ring
40:13 Gold Shaft Mining
40:20 Bow Saw
44:05 Imperial Age
45:29 Conscription
44:32 Shield Wall
44:40 Arbalester
45:22 Bracer
46:03 Murder Holes
46:19 Masonry
Connection lost

Rejoining the realm…

Still unreachable

The connection could not be restored.

Session expired

The server has moved on; the page needs a fresh start.